 Dungeon Sprint DCSS version 0.28-a0-1555-g9ae15a6949 (webtiles) character file.

Game seed: 4440496731003910252

326 innerfire433 the Fighter (level 6, 0/57 HPs)
             Began as a Demonspawn Chaos Knight on Jan 18, 2022.
             Was a Plaything of Xom.
             Slain by a centaur warrior (12 damage)
             ... in the Dungeon (Sprint I: "Red Sonja").
             The game lasted 00:03:00 (455 turns).

innerfire433 the Fighter (Demonspawn Chaos Knight)   Turns: 455, Time: 00:03:01

Health: 0/57       AC:  5    Str: 14    XL:     6   Next: 24%
Magic:  6/6        EV: 11    Int: 13    God:    Xom [..*...]
Gold:   108        SH:  0    Dex: 13    Spells: 5/5 levels left

rFire   . . .      SeeInvis .   a - +0 spear (chaos)
rCold   . . .      Faith    .   (no shield)
rNeg    . . .      Spirit   .   b - +2 leather armour
rPois   .          Reflect  .   (no helmet)
rElec   .          Harm     .   (no cloak)
rCorr   .          Rampage  .   (no gloves)
Will    .....      NoTele   +   (no boots)
Stlth   +++.......              (no amulet)
HPRegen 0.19/turn               (no ring)
MPRegen 0.10/turn               (no ring)

@: no status effects
A: hooves 1, weakness stinger 1, demonic touch 1
a: Renounce Religion


You were in the Dungeon.
You worshipped Xom.
You were a toy of Xom.
You visited 1 branch You collected 108 gold pieces.

Inventory:

Hand Weapons
 a - a +0 spear of chaos (weapon)
 g - a +2 scythe of venom
Armour
 b - a +2 leather armour (worn)
Scrolls
 h - a scroll of blinking
 j - a scroll of vulnerability
Potions
 e - a potion of haste
 f - 2 potions of magic
 i - a potion of flight {unknown}


   Skills:
 + Level 8.6 Fighting
 + Level 7.9 Polearms
 - Level 2.5 Armour
 - Level 1.1 Dodging
 + Level 5.8 Stealth
 + Level 1.9 Evocations


You had 5 spell levels left.
You didn't know any spells.
Your spell library was empty.

Dungeon Overview and Level Annotations

Branches:
Dungeon (1/1)

Altars:
Sif Muna
Vehumet
Wu Jian


Innate Abilities, Weirdness & Mutations

You have large cloven feet.
You have a small tail.
Your touch may inflict minor irresistible damage on your foes.


Message History

You kick the jelly.
You kill the jelly!
You see here 18 stones.
There is a shimmering blue altar of Sif Muna here.
There is an ornate altar of the Wu Jian Council here.
There is a radiant altar of Vehumet here.
There is an ornate altar of the Wu Jian Council here.
You kneel at the altar of Wu Jian.
There is a shimmering blue altar of Sif Muna here.
You kneel at the altar of Sif Muna.
There is an ornate altar of the Wu Jian Council here.
You kneel at the altar of Wu Jian.
Okay, then.
You feel your willpower return.
You are no longer corroded.
As you open the door, it creaks loudly! 2 centaur warriors come into view.
The centaur warrior moves out of view. x2
There is an open door here.
You enter the shallow water.
Moving in this stuff is going to be slow.
The centaur warrior shouts! x2
The centaur warrior wields a +0 longbow.
The centaur warrior shoots an arrow.
The arrow hits you!!
The centaur warrior wields a +0 shortbow.
The centaur warrior shoots an arrow.
The arrow hits you!
The centaur warrior shoots an arrow.
The arrow closely misses you.
The centaur warrior shoots an arrow.
The arrow hits you.
The centaur warrior unwields a +0 longbow.
The centaur warrior hits you!
* * * LOW HITPOINT WARNING * * *
The centaur warrior kicks you.
* * * LOW HITPOINT WARNING * * *
The centaur warrior unwields a +0 shortbow.
The centaur warrior hits you but does no damage.
The centaur warrior kicks you.
* * * LOW HITPOINT WARNING * * *
The centaur warrior hits you!
You die...
Xom giggles madly!

#############
#..'..#.['..#
K
)..#.)'..#..+
J G
#####+#####'#
###K s #
#.####§§# s #
##§#§§≈§c# #
#+#_.'≈§§@§+
y #
Y+...§#§§§§c#
#
#_.#+##+####
##+#


P T K G s G xx You could see 2 centaur warriors.

Vanquished Creatures
  Sigmund (D)
  An ogre (D)
  2 jellies (D)
  Ijyb (D)
5 creatures vanquished.

Notes
Turn   | Place    | Note
-------+----------+-------------------------------------------
     0 | D        | innerfire433 the Demonspawn Chaos Knight began the quest
                  | for the Orb.
     0 | D        | Reached XP level 1. HP: 18/18 MP: 1/1
     1 | D        | Noticed Ijyb
     1 | D        | Paralysed by Ijyb for 3 turns
    10 | D        | Paralysed by Ijyb for 7 turns
    20 | D        | Killed Ijyb
    21 | D        | Reached skill level 4 in Fighting
    21 | D        | Reached skill level 1 in Dodging
    21 | D        | Discovered your monstrous ancestry.
    21 | D        | Gained mutation: You have large cloven feet. [demonic
                  | ancestry]
    21 | D        | Reached XP level 2. HP: 10/26 MP: 2/2
   203 | D        | XOM: silly message
   211 | D        | Noticed an ogre
   213 | D        | XOM: silly message
   218 | D        | Killed an ogre
   219 | D        | Reached skill level 6 in Fighting
   219 | D        | Gained mutation: Your touch may inflict minor irresistible
                  | damage on your foes. [demonic ancestry]
   219 | D        | Reached XP level 3. HP: 33/35 MP: 3/3
   219 | D        | Gained mutation: You have a small tail. [demonic ancestry]
   219 | D        | Reached XP level 4. HP: 39/41 MP: 4/4
   235 | D        | Noticed Sigmund
   238 | D        | XOM: divination: detect creatures
   244 | D        | Killed Sigmund
   245 | D        | Reached skill level 8 in Fighting
   245 | D        | Reached skill level 5 in Stealth
   245 | D        | Reached skill level 1 in Evocations
   245 | D        | Reached XP level 5. HP: 49/49 MP: 5/5
   245 | D        | Reached XP level 6. HP: 56/56 MP: 6/6
   259 | D        | Found an ornate altar of the Wu Jian Council.
   259 | D        | Found a shimmering blue altar of Sif Muna.
   261 | D        | Found a radiant altar of Vehumet.
   450 | D        | Noticed a centaur warrior
   450 | D        | Noticed a centaur warrior
   455 | D        | Slain by a centaur warrior

Illustrated notes

Levels and vault maps discovered:
D:        dungeon_sprint_1 [red_sonja_temple_1, red_sonja_temple_small_1]

Skill      XL: |  1  2  3  4 |
---------------+-------------+-----
Fighting       | 4 6 8 |  8.6
Polearms       | 4 6 7 |  7.9
Armour         | 2 |  2.5
Dodging        | 1 |  1.1
Stealth        | 2 5 |  5.8
Evocations     | 1 |  1.9

Action                   |  1- 3 |  4- 6 || total
-------------------------+-------+-------++-------
Melee: Spear             |    13 |    13 ||    26
       Kick              |     1 |     4 ||     5
       Touch             |       |     4 ||     4
       Tailslap          |       |     2 ||     2
Evoke: Wand              |     1 |     3 ||     4
  Use: Potion            |     1 |     2 ||     3
       Scroll            |       |     1 ||     1
 Stab: Paralysed         |     4 |     4 ||     8
Armor: Leather armour    |     2 |     1 ||     3
Dodge: Dodged            |     2 |     7 ||     9

Table legend: (Time is in decaauts)
 A = Elapsed time spent in this place.
 B = Non-inter-level travel time spent in this place.
 C = Inter-level travel time spent in this place.
 D = Time resting spent in this place.
 E = Time spent auto-exploring this place.
 F = Levels seen in this place.
 G = Mean time per level.
                   A        B        C        D        E       F      G
               +--------+--------+--------+--------+--------+-----+--------+
         Total |    464 |    464 |      0 |      0 |    371 |   1 |  464.0 |
       Dungeon |    464 |    464 |      0 |      0 |    371 |   1 |  464.0 |
               +--------+--------+--------+--------+--------+-----+--------+

Top non-repeatable levels by time:
       D: 464 daAuts
